 Dungeon Crawl Stone Soup version 0.18-a0-1292-ge8ad84c (webtiles) character file.

60 Gottschkopf the Charmwright (level 3, -1/30 HPs)
             Began as a Draconian Skald on Feb 10, 2016.
             Killed from afar by Neano's ghost (3 damage)
             ... with a magic dart
             ... on level 3 of the Dungeon.
             The game lasted 00:13:37 (1738 turns).

Gottschkopf the Charmwright (Draconian Skald)       Turns: 1738, Time: 00:13:38

Health: -1/30      AC:  5    Str: 14    XL:     3   Next: 82%
Magic:  1/6        EV: 12    Int: 13    God:
Gold:   54         SH:  0    Dex: 10    Spells: 3 memorised, 2 levels left

rFire  . . .     SeeInvis .     a - +0 spear
rCold  . . .     Gourm    .     (armour unavailable)
rNeg   . . .     Faith    .     (no shield)
rPois  .         Spirit   .     (helmet restricted)
rElec  .         Dismiss  .     (no cloak)
rCorr  .         Reflect  .     (no gloves)
SustAt .         Harm     .     (no boots)
MR     .....                    (no amulet)
Stlth  +.........               (no ring)
                                (no ring)

@: singing (expiring), very slightly contaminated, not resistant to hostile
enchantments, very unstealthy
A: unfitting armour, cold-blooded, AC +5
a: Stop Singing


You were on level 3 of the Dungeon.
You were hungry.

You visited 1 branch of the dungeon, and saw 3 of its levels.

You collected 54 gold pieces.

Inventory:

Hand Weapons
 a - a +0 spear (weapon)
Jewellery
 t - an uncursed ring of loudness
Scrolls
 e - a scroll of amnesia {unknown}
 g - a scroll of recharging
 i - 4 scrolls of identify
 l - a scroll of teleportation
 p - a scroll of blinking {unknown}
Potions
 d - a potion of berserk rage {unknown}
 k - a potion of curing {unknown}
 m - a potion of heal wounds
 q - a potion of lignification {unknown}
Books
 b - a book of Battle

   Spells                             Type                      Level
   a - Infusion                       Charms                       1
   b - Shroud of Golubria             Charms/Translocation         2
   c - Song of Slaying                Charms                       2
   d - Spectral Weapon                Hexes/Charms                 3
   e - Regeneration                   Charms/Necromancy            3
Comestibles
 c - 3 bread rations
 f - 3 meat rations
 h - a royal jelly
 j - 2 beef jerkies
 n - a slice of pizza
 o - 2 chunks of flesh


   Skills:
 + Level 2.9 Fighting
 + Level 2.2 Polearms
 + Level 2.0 Dodging
 + Level 2.5 Spellcasting
 + Level 3.1 Charms


You had 2 spell levels left.
You knew the following spells:

 Your Spells              Type           Power        Failure   Level  Hunger
a - Infusion              Chrm           #...         10%         1    #......
b - Song of Slaying       Chrm           #.......     12%         2    ###....
c - Shroud of Golubria    Chrm/Tloc      #.........   21%         2    ###....


Dungeon Overview and Level Annotations

Branches:
Dungeon (3/15)

Altars:
Gozag
Makhleb
Yredelemnul

Annotations:
D:3 Neano's ghost, amateur HuWz


Innate Abilities, Weirdness & Mutations

Your plain brown scales are hard (AC +5).
Your body does not fit into most forms of armour.
You are cold-blooded and may be slowed by cold attacks.


Message History

You closely miss Neano's ghost.
Neano's ghost is heavily damaged.
You are no longer magically infusing your attacks.
Neano's ghost hits you but does no damage.
You closely miss Neano's ghost. You tail-slap Neano's ghost.
Neano's ghost is heavily damaged.
Your song is almost over.
Neano's ghost points at you and mumbles some strange words.
The magic dart hits you!
* * * LOW HITPOINT WARNING * * *
You hit Neano's ghost but do no damage.
Neano's ghost is heavily damaged.
Neano's ghost hits you.
* * * LOW HITPOINT WARNING * * *
You hit Neano's ghost.
Neano's ghost is severely damaged.
The kobold closely misses you.
Neano's ghost points at you and mumbles some strange words.
The magic dart hits you!
You die...

### .. # .. .#
####. ..# #...
$..#
######..#.....
##(............
.......@K......
......†[W......
...............
...............
...............
...............
........####.##
......... ..


You could see Neano's ghost and a kobold.

Vanquished Creatures
  An adder (D:2)
  A worm (D:2)
  2 giant geckos
  7 bats
  2 giant cockroaches
  3 goblins
  10 hobgoblins
  3 jackals (D:2)
  4 kobolds
  3 giant newts (D:1)
  8 rats
44 creatures vanquished.

Notes
Turn   | Place    | Note
--------------------------------------------------------------
     0 | D:1      | Gottschkopf the Draconian Skald began the quest for the Orb.
     0 | D:1      | Reached XP level 1. HP: 17/17 MP: 3/3
   165 | D:1      | Reached XP level 2. HP: 25/25 MP: 0/5
   173 | D:1      | Learned a level 2 spell: Song of Slaying
   386 | D:1      | Reached skill level 3 in Charms
  1016 | D:2      | Reached XP level 3. HP: 25/30 MP: 6/6
  1083 | D:2      | Learned a level 2 spell: Shroud of Golubria
  1212 | D:2      | Found a basalt altar of Yredelemnul.
  1212 | D:2      | Found a burning altar of Makhleb.
  1213 | D:2      | Found an opulent altar of Gozag.
  1722 | D:3      | Noticed Neano's ghost (amateur HuWz)
  1738 | D:3      | Killed from afar by Neano's ghost

Vault maps used:
D:1:      erik_arrival_triangle_small
D:2:      gammafunk_temple_overflow_claw
D:3:      cheibrodos_ashenzari_chains, portal_sewer_entry_e

Action                   || total
-------------------------++-------
Melee: Spear             ||   145
 Cast: Infusion          ||    16
       Song of Slaying   ||     4
  Use: Scroll            ||     7
 Stab: Sleeping          ||     2
  Eat: Chunk             ||     3
